 Dungeon Crawl Stone Soup version 0.23.2-1-ga50397a (webtiles) character file.

Game seed: 5605677523581467856

506 MalarOregon the Geomancer (level 7, -1/50 HPs)
             Began as a Ghoul Earth Elementalist on May 26, 2019.
             Slain by Duvessa
             ... wielding a +4 short sword of venom
              (6 damage)
             ... on level 4 of the Dungeon.
             The game lasted 00:07:38 (3703 turns).

MalarOregon the Geomancer (GhEE)                    Turns: 3703, Time: 00:07:39

Health: -1/50      AC:  4    Str:  9 (12) XL:     7   Next: 18%
Magic:  1/17       EV: 12    Int: 10 (12) God:
Gold:   175        SH:  0    Dex:  7 (9)  Spells: 5/9 levels left

rFire    . . .     SeeInvis .   (no weapon)
rCold    + . .     Gourm    .   (no shield)
rNeg     + + +     Faith    .   c - +2 robe
rPois    ∞         Spirit   .   (no helmet)
rElec    .         Reflect  .   (no cloak)
rCorr    .         Harm     .   (no gloves)
MR       .....                  (no boots)
Stlth    ++........             (no amulet)
HPRegen  0.00/turn              a - ring of magical power
MPRegen  0.15/turn              (no ring)

@: very slightly contaminated, rotting
A: rotting body, claws 1, carnivore, cold resistance 1, negative energy
resistance 3, inhibited regeneration, torment resistance, unbreathing
a: no special abilities


You were on level 4 of the Dungeon.
You were not hungry.

You visited 1 branch of the dungeon, and saw 4 of its levels.

You collected 175 gold pieces.

Inventory:

Armour
 c - a +2 robe (worn)
Jewellery
 a - a ring of magical power (left claw)
   (You found it on level 1 of the Dungeon)
Scrolls
 d - 2 scrolls of identify {@r1}
 f - 2 scrolls of immolation {!r}
 i - 2 scrolls of teleportation {@r4}
 j - 2 scrolls of fog
Potions
 k - a potion of curing {@q1}
 o - a potion of flight
Comestibles
 e - 7 rations {!d}
 p - 4 chunks of flesh


   Skills:
 - Level 1.7 Dodging
 - Level 2.1 Stealth
 - Level 1.7 Spellcasting
   Level 0.8 Transmutations
 + Level 8.7 Earth Magic


You had 5 spell levels left.
You knew the following spells:

 Your Spells              Type           Power        Failure   Level  Hunger
a - Sandblast             Erth           ###...       1%          1    ##.....
x - Stone Arrow           Conj/Erth      #.....       16%         3    ####...

Your spell library contained the following spells:

 Spells                   Type           Power        Failure   Level  Hunger
 Passwall                 Tmut/Erth      ##......     7%          2    ###....
 Lee's Rapid Deconstruct  Erth           ###.......   24%         5    ######.
 Magic Dart               Conj           #...         32%         1    ##.....
 Petrify                  Tmut/Erth      ##......     41%         4    #####..
 Blink                    Tloc           N/A          43%         2    ###....
 Call Imp                 Summ           #.......     43%         2    ###....
 Slow                     Hex            #.......     43%         2    ###....
 Conjure Flame            Conj/Fire      #.......     67%         3    ####...
 Mephitic Cloud           Conj/Pois/Air  #.......     67%         3    ####...


Dungeon Overview and Level Annotations

Branches:
Dungeon (4/15)
 Temple: D:4-7

Altars:
Fedhas
Hepliaklqana
Okawaru
Wu Jian

Annotations:
D:4 1 runed translucent door, Crazy Yiuf, Dowan, Duvessa, Ijyb


Innate Abilities, Weirdness & Mutations

Your body is rotting away.
You thrive on raw meat.
You are immune to poison.
You have sharp fingernails.
You are carnivorous and can eat meat at any time.
Your flesh is cold resistant. (rC+)
You are immune to negative energy. (rN+++)
You do not regenerate when monsters are visible.
You are immune to unholy pain and torment.
You can survive without breathing.


Message History

Eat one of 5 chunks of flesh? (ye/n/q)
You eat one of the 5 chunks of flesh.
This raw flesh tastes great!
You start resting.
You float gracefully downwards.
Found 29 bolts.
A worker ant comes into view.
Dowan shouts!
You hear a shout! x2
Dowan casts a spell at you. The puff of flame hits you!
You can't see any susceptible monsters within range! (Use Z to cast anyway.)
Aim: Dowan, wielding a +2 dagger of speed and wearing a +0 robe The blast of sand hits Dowan.
m - 2 stones
Aim: Dowan, wielding a +2 dagger of speed and wearing a +0 robe (lightly wounded)
The blast of sand hits Dowan.
m - a stone Dowan gestures at something while chanting.
Aim: Dowan, wielding a +2 dagger of speed and wearing a +0 robe (lightly wounded)
The blast of sand hits Dowan!
You now have no stones remaining.
Aim: Duvessa, wielding a +4 short sword of venom and wearing a +0 ring mail (fast)
Okay, then.
Aim: Dowan, wielding a +2 dagger of speed and wearing a +0 robe (heavily wounded)
You miscast Stone Arrow.
You are very lightly contaminated with residual magic.
The floor vibrates.
Aim: Dowan, wielding a +2 dagger of speed and wearing a +0 robe (heavily wounded)
The stone arrow hits Duvessa!
Duvessa hits you with a +4 short sword of venom.
Aim: Dowan, wielding a +2 dagger of speed and wearing a +0 robe (heavily wounded)
The stone arrow hits Duvessa.
Duvessa hits you with a +4 short sword of venom!
The worker ant waves its antennae.
Duvessa hits you with a +4 short sword of venom.
* * * LOW HITPOINT WARNING * * *
Aim: Dowan, wielding a +2 dagger of speed and wearing a +0 robe (heavily wounded)
The stone arrow hits Duvessa.
Duvessa hits you with a +4 short sword of venom.
* * * LOW HITPOINT WARNING * * *
Aim: Dowan, wielding a +2 dagger of speed and wearing a +0 robe (heavily wounded)
The stone arrow hits Duvessa!
Duvessa barely misses you.
Duvessa hits you with a +4 short sword of venom!
* * * LOW HITPOINT WARNING * * *
Duvessa hits you with a +4 short sword of venom.
* * * LOW HITPOINT WARNING * * *
Dowan mumbles some strange words.
Dowan blinks!
Duvessa barely misses you.
Duvessa hits you with a +4 short sword of venom!
* * * LOW HITPOINT WARNING * * *
Duvessa hits you with a +4 short sword of venom.
You die... #..≈.≈≈..# ##....... #.≈≈≈≈..## ##.....# #.≈.≈...# ##...## #.......# #+## ###..#### #.###### ## #.#....# ea.

#.#.##.# .(##
#@#.##.# ....#
#.e.a..#####....#
###.#...e.......##
#.##.#####.##...
#.##.# .....
#.##.# #### #....#
######


You could see Duvessa, Dowan and a worker ant.

Vanquished Creatures
  Grinder (D:4)
  An ogre (D:4)
  A crimson imp (D:4)
  3 worker ants (D:4)
  6 gnolls
  2 adders
  An ooze (D:2)
  2 dart slugs (D:2)
  3 leopard geckos
  2 orcs
  A ball python (D:2)
  6 bats
  3 giant cockroaches
  2 goblins
  4 hobgoblins
  2 jackals (D:3)
  5 kobolds
  2 quokkas (D:2)
  3 frilled lizards
  5 rats (D:2)
  A bush (D:2)
  2 plants (D:2)
58 creatures vanquished.

Notes
Turn   | Place    | Note
-------+----------+-------------------------------------------
     0 | D:1      | MalarOregon the Ghoul Earth Elementalist began the quest
                  | for the Orb.
     0 | D:1      | Reached XP level 1. HP: 14/14 MP: 2/2
   390 | D:2      | Reached XP level 2. HP: 14/20 MP: 3/3
   392 | D:2      | Reached skill level 4 in Earth Magic
   588 | D:2      | Found an iron altar of Okawaru.
   647 | D:2      | Reached XP level 3. HP: 26/26 MP: 4/4
   904 | D:2      | Reached skill level 5 in Earth Magic
  1051 | D:2      | Learned a level 3 spell: Stone Arrow
  1055 | D:2      | Found a blossoming altar of Fedhas.
  1055 | D:2      | Found an ornate altar of the Wu Jian Council.
  1229 | D:2      | Reached XP level 4. HP: 32/32 MP: 5/5
  2369 | D:3      | Reached skill level 6 in Earth Magic
  2500 | D:3      | Reached XP level 5. HP: 31/38 MP: 6/6
  3049 | D:4      | Found a runed translucent door.
  3050 | D:4      | Noticed Crazy Yiuf
  3211 | D:4      | Noticed Grinder
  3284 | D:4      | Killed Grinder
  3284 | D:4      | Reached skill level 7 in Earth Magic
  3284 | D:4      | Reached XP level 6. HP: 22/45 MP: 0/7
  3428 | D:4      | Reached skill level 8 in Earth Magic
  3450 | D:4      | Found a hazy altar of Hepliaklqana.
  3527 | D:4      | Reached XP level 7. HP: 43/50 MP: 8/8
  3556 | D:4      | Noticed Ijyb
  3563 | D:4      | Noticed Duvessa
  3566 | D:4      | Noticed Dowan
  3703 | D:4      | Slain by Duvessa

Skill      XL: |  1  2  3  4  5  6 |
---------------+-------------------+-----
Earth Magic    | 4 5 6 7 8 |  8.7
Dodging        | |  1.7
Stealth        | |  2.1
Spellcasting   | |  1.7
Transmutations | |  0.8

Action                   |  1- 3 |  4- 6 |  7- 9 || total
-------------------------+-------+-------+-------++-------
Melee: Unarmed           |    59 |   613 |     3 ||   675
 Cast: Sandblast         |    36 |    32 |    15 ||    83
       Stone Arrow       |       |    13 |     6 ||    19
  Use: Scroll            |       |       |     8 ||     8
       Potion            |       |       |     4 ||     4
 Stab: Sleeping          |     1 |       |       ||     1
  Eat: Chunk             |     8 |     9 |     3 ||    20
       Ration            |       |     2 |       ||     2
Armor: Robe              |     9 |     7 |     2 ||    18
Dodge: Dodged            |    51 |    17 |    13 ||    81
